 Dungeon Crawl Stone Soup version 0.24-a0-284-g9fb9971df1 (webtiles) character file.

Game seed: 15343657750291936525

217 Redear the Insei (level 5, -3/33 HPs)
             Began as an Octopode Transmuter on May 4, 2019.
             Was an Initiate of Gozag.
             Slain by an orc warrior
             ... wielding a +0 glaive
              (30 damage)
             ... on level 4 of the Dungeon.
             The game lasted 00:06:31 (3184 turns).

Redear the Insei (Octopode Transmuter)              Turns: 3184, Time: 00:06:32

Health: -3/33      AC:  1    Str: 10    XL:     5   Next: 94%
Magic:  9/10       EV: 13    Int: 16    God:    Gozag
Gold:   134        SH:  0    Dex: 12    Spells: 3/10 levels left

rFire    . . .     SeeInvis .     - Unarmed
rCold    . . .     Gourm    .   (no shield)
rNeg     . . .     Faith    .   (helmet restricted)
rPois    .         Spirit   .   (no amulet)
rElec    .         Reflect  .   y - +3 ring of slaying
rCorr    .         Harm     .   (no ring)
MR       .....                  (no ring)
Stlth    ++........             (no ring)
HPRegen  0.11/turn              (no ring)
MPRegen  0.12/turn              (no ring)
                                (no ring)
                                (no ring)

@: appendage, gold aura
A: almost no armour, stealthy swim, amphibious, 8 rings, constrict 8, tentacle
spike 3, camouflage 1, gelatinous body 1
a: End Transformation, Potion Petition, Call Merchant, Bribe Branch, Renounce
Religion


You were on level 4 of the Dungeon.
You worshipped Gozag.
Gozag was aware of your devotion.
You were not hungry.
One of your tentacles had a temporary spike.
You visited 1 branch of the dungeon, and saw 4 of its levels.

You collected 175 gold pieces.
You paid 41 gold pieces to Gozag.

Inventory:

Missiles
 a - 49 arrows
 g - 35 stones (quivered)
Jewellery
 y - a +3 ring of slaying (left tentacle)
Scrolls
 b - a scroll of enchant armour {unknown}
 c - a scroll of enchant weapon
 d - a scroll of amnesia
 h - a scroll of blinking {unknown}
 j - a scroll of random uselessness {unknown}
 N - 2 scrolls of remove curse {@r2}
Potions
 e - 2 potions of agility {unknown}
 f - a potion of curing {unknown}
 i - a potion of magic {unknown}
 k - 3 potions of heal wounds {unknown}
 l - a potion of flight {unknown}
 m - a potion of might {unknown}
 n - a potion of haste {unknown}
 o - a potion of degeneration {unknown}
Comestibles
 z - 6 rations


   Skills:
 - Level 1.0 Fighting
 - Level 2.0 Dodging
 + Level 4.3 Unarmed Combat
 + Level 3.4 Spellcasting
 + Level 3.6 Transmutations
 + Level 1.0 Ice Magic


You had 3 spell levels left.
You knew the following spells:

 Your Spells              Type           Power        Failure   Level  Hunger
s - Sticks to Snakes      Tmut           ##......     6%          2    ##.....
z - Beastly Appendage     Tmut           ##....       4%          1    None
I - Ice Form              Ice/Tmut       ##......     56%         4    ####...

Your spell library contained the following spells:

 Spells                   Type           Power        Failure   Level  Hunger
 Spider Form              Tmut/Pois      #.........   26%         3    ###....
 Blade Hands              Tmut           ##........   73%         5    ######.


Dungeon Overview and Level Annotations

Branches:
Dungeon (4/15)
 Temple: D:4-7

Altars:
Gozag
Hepliaklqana
Trog

Annotations:
D:4 1 runed translucent door, Crazy Yiuf, Duvessa


Innate Abilities, Weirdness & Mutations

You cannot wear most types of armour.
You are very stealthy in the water. (Stealth+)
You are amphibious.
You can wear up to eight rings at the same time.
You can use your tentacles to constrict eight enemies at once.
Your skin changes colour to match your surroundings (Stealth+).
Your rubbery body absorbs attacks. (AC +1, EV +1)
One of your tentacles bears a large vicious spike.


Message History

Unknown command.
Your transformation is almost over.
Your tentacle spike disappears.
Found a stone staircase leading down.
You tentacle-slap the quokka.
You kill the quokka!
You see here 5 gold pieces.
You now have 134 gold pieces (gained 5).
The orc warrior shouts!
The orc shouts! x2
Casting: Beastly Appendage (safe; 4% risk of failure)
Confirm with . or Enter, or press ? or * to list all spells.
One of your tentacles grows a vicious spike.
You now have 9/10 mp.
You tentacle-slap the orc. Your grab misses the orc. You squeeze the orc.
You kill the orc!
The orc warrior hits you from afar with a +0 glaive!!
Ouch! That really hurt!
You die...
Your body crumbles into a pile of gold.

.........♣.♣♣...##...##....P♣....
........♣P.P♣♣.....#.............
.......♣♣.P..♣♣#.....##...^####..
.......♣P♣P..♣♣......#.....####..
.#..###♣.♣..PP♣...†.........##...
####.##♣.♣.♣.♣♣..##..o.......##..
........♣♣♣♣♣♣....#......##...#..
#........♣♣♣♣....#o..............
######.....#.#..@#...............
#...###.#...#......_........
#..## #.....o............... ##.#
##.#...........⌠.._... ###
#....................#
#...#..##...._.......#
......P...#.#........##
..#.PP♣....#####...####
#..P♣.♣..P. #####


You could see an orc warrior.

Vanquished Creatures
  A hound (D:3)
  2 iguanas (D:4)
  6 adders
  A worm (D:3)
  3 dart slugs
  3 leopard geckos
  5 orcs
  A ball python (D:3)
  4 giant cockroaches
  9 goblins
  8 hobgoblins
  2 jackals (D:2)
  A quokka (D:4)
  5 bats
  3 frilled lizards
  8 kobolds
  8 rats
70 creatures vanquished.

Notes
Turn   | Place    | Note
-------+----------+-------------------------------------------
     0 | D:1      | Redear the Octopode Transmuter began the quest for the Orb.
     0 | D:1      | Reached XP level 1. HP: 13/13 MP: 3/3
   124 | D:1      | Reached XP level 2. HP: 13/18 MP: 5/5
   514 | D:1      | Reached XP level 3. HP: 23/23 MP: 6/6
  1613 | D:2      | Reached XP level 4. HP: 20/28 MP: 8/8
  1826 | D:2      | Reached skill level 3 in Transmutations
  2005 | D:2      | Reached skill level 3 in Spellcasting
  2341 | D:3      | Reached skill level 4 in Unarmed Combat
  2341 | D:3      | Reached XP level 5. HP: 12/33 MP: 7/9
  2887 | D:3      | Learned a level 4 spell: Ice Form
  2890 | D:3      | Learned a level 2 spell: Sticks to Snakes
  2902 | D:4      | Noticed Duvessa
  2968 | D:4      | Found a runed translucent door.
  2969 | D:4      | Noticed Crazy Yiuf
  3068 | D:4      | Found a hazy altar of Hepliaklqana.
  3076 | D:4      | Found a bloodstained altar of Trog.
  3077 | D:4      | Found an opulent altar of Gozag.
  3093 | D:4      | Became a worshipper of Gozag Ym Sagoz the Greedy
  3136 | D:4      | Reached skill level 1 in Ice Magic
  3141 | D:4      | Noticed an orc warrior
  3184 | D:4      | Slain by an orc warrior

Levels and vault maps discovered:
D:1:      ncdulo_watergridlock, layout_rooms
D:2:      layout_basic
D:3:      layout_rooms
D:4:      layout_cave_pools, kennysheep_little_box, old_standard_altar,
          grunt_temple_overflow_open, serial_forest, infiniplex_forest_end_2,
          infiniplex_forest_lined_2, infiniplex_forest_end_2,
          infiniplex_forest_clump_C, infiniplex_forest_clump_long, first_ration,
          uniq_crazy_yiuf_cottage, uniq_duvessa

Skill      XL: |  1  2  3  4  5 |
---------------+----------------+-----
Transmutations | 3 |  3.6
Spellcasting   | 3 |  3.4
Unarmed Combat | 4 |  4.3
Ice Magic      | 1 |  1.0
Fighting       | |  1.0
Dodging        | |  2.0

Action                   |  1- 3 |  4- 6 || total
-------------------------+-------+-------++-------
Melee: Unarmed           |    61 |    72 ||   133
       Constrict         |    18 |    19 ||    37
       Tentacles         |     7 |    13 ||    20
       Kick              |     4 |     3 ||     7
       Punch             |     1 |       ||     1
 Cast: Beastly Appendage |     5 |    10 ||    15
  Use: Scroll            |     1 |     2 ||     3
 Stab: Sleeping          |     2 |     6 ||     8
  Eat: Chunk             |     1 |     6 ||     7
Armor: Skin              |     1 |       ||     1
Dodge: Dodged            |    32 |    35 ||    67

Table legend:
 A = Non-vault XP
 B = Vault XP
 C = Vault XP percentage of total XP
 D = Non-vault monster count
 E = Vault monster count
 F = Vault count percentage of total count
                 A         B        C        D         E       F
            +---------+---------+-------+---------+---------+-------
      Total |     310 |       0 |   0.0 |      70 |       0 |   0.0
            +---------+---------+-------+---------+---------+-------
        D:1 |      38 |       0 |   0.0 |      23 |       0 |   0.0
        D:2 |      95 |       0 |   0.0 |      23 |       0 |   0.0
        D:3 |      72 |       0 |   0.0 |      15 |       0 |   0.0
        D:4 |     105 |       0 |   0.0 |       9 |       0 |   0.0
            +---------+---------+-------+---------+---------+-------
